General information
- name: BNet
- type: Ladder team game (AT/RT)
- host: Battle.net
- saver: CryBabyCry
map: GolemsInTheMist
- players: 8
- length: 36:55
- speed: Fast
- version: 1.26 W3XP
- replay type: Public
» download(196 KB)
Players
team 1 (loser)
newaccc (
teal | 53 APM | 1952 actions | 36:40)
5 Archmage
3 Summon Water Elemental
2 Brilliance Aura
» actions
| Assign group hotkey | 114 | |
| Basic commands | 9 | |
| Build / train | 76 | |
| ESC pressed | 7 | |
| Enter build submenu | 28 | |
| Enter hero's abilities submenu | 5 | |
| Give item / drop item | 1 | |
| Right click | 1175 | |
| Select / deselect | 229 | |
| Select group hotkey | 181 | |
| Use ability | 127 | |
1952 total
» units
| Peasant | 22 | |
| Mortar Team | 10 | |
| Sorceress | 8 | |
40 total
» upgrades
| Masonry | 2 | |
| Lumber Harvesting | 1 | |
| Sorceress Training | 1 | |
| Gunpowder | 2 | |
| Armor | 2 | |
8 total
» buildings
| Farm | 8 | |
| Altar of Kings | 2 | |
| Arcane Vault | 1 | |
| Lumber Mill | 2 | |
| Scout Tower | 13 | |
| Keep | 4 | |
| Arcane Tower | 1 | |
| Guard Tower | 5 | |
| Blacksmith | 1 | |
| Workshop | 2 | |
| Arcane Sanctum | 1 | |
| Town Hall | 1 | |
41 total
» build order
00:17 Farm
01:40 Altar of Kings
01:43 Farm
01:46 Arcane Vault
01:57 Farm
02:06 Lumber Mill
02:19 Lumber Mill
02:32 Scout Tower
02:36 Scout Tower
02:38 Scout Tower
02:54 Scout Tower
03:01 Scout Tower
03:34 Keep
03:34 Keep
03:35 Keep
03:41 Scout Tower
03:45 Arcane Tower
03:47 Guard Tower
03:57 Guard Tower
04:08 Blacksmith
04:09 Guard Tower
05:14 Farm
06:06 Workshop
06:11 Workshop
06:31 Arcane Sanctum
06:47 Farm
06:48 Farm
06:51 Farm
07:15 Scout Tower
07:42 Guard Tower
09:24 Farm
09:28 Scout Tower
09:31 Scout Tower
10:25 Guard Tower
21:06 Scout Tower
21:06 Scout Tower
21:07 Scout Tower
21:10 Scout Tower
26:09 Town Hall
28:29 Altar of Kings
» items
| Scroll of Town Portal | 4 | |
| Scroll of Regeneration | 3 | |
7 total
ko.mightymouse (
blue | 44 APM | 1611 actions | 36:17)
7 Paladin
2 Holy Light
3 Divine Shield
1 Devotion Aura
1 Resurrection
» actions
| Assign group hotkey | 23 | |
| Build / train | 69 | |
| Enter build submenu | 20 | |
| Enter hero's abilities submenu | 8 | |
| Remove unit from queue | 1 | |
| Right click | 565 | |
| Select / deselect | 225 | |
| Select group hotkey | 642 | |
| Use ability | 58 | |
1611 total
» units
| Peasant | 12 | |
| Footman | 5 | |
| Goblin Shredder | 1 | |
| Goblin Zeppelin | 1 | |
| Knight | 24 | |
43 total
» upgrades
| Swords | 3 | |
| Plating | 3 | |
| Animal War Training | 1 | |
7 total
» buildings
| Barracks | 2 | |
| Farm | 11 | |
| Altar of Kings | 1 | |
| Lumber Mill | 1 | |
| Blacksmith | 1 | |
| Keep | 1 | |
| Arcane Vault | 1 | |
| Castle | 1 | |
| Town Hall | 1 | |
20 total
» build order
00:21 Barracks
00:36 Farm
01:18 Farm
01:25 Altar of Kings
01:55 Farm
02:31 Lumber Mill
02:36 Farm
02:53 Blacksmith
03:17 Farm
03:46 Keep
04:00 Farm
04:35 Arcane Vault
05:19 Farm
06:28 Farm
06:30 Castle
09:16 Town Hall
09:51 Barracks
11:42 Farm
19:14 Farm
19:17 Farm
» items
| Potion of Healing | 3 | |
| Orb of Fire | 1 | |
| Scroll of Town Portal | 3 | |
| Potion of Mana | 1 | |
8 total

»
i8pssy (
red | 42 APM | 1564 actions | 36:52)
7 Blood Mage
3 Flame Strike
3 Banish
1 Summon Phoenix
» actions
| Assign group hotkey | 19 | |
| Basic commands | 4 | |
| Build / train | 87 | |
| Enter build submenu | 32 | |
| Enter hero's abilities submenu | 7 | |
| Right click | 409 | |
| Select / deselect | 227 | |
| Select group hotkey | 633 | |
| Use ability | 146 | |
1564 total
» units
| Peasant | 16 | |
| Footman | 7 | |
| Goblin Shredder | 1 | |
| Dragonhawk Rider | 15 | |
| Gryphon Rider | 5 | |
44 total
» upgrades
| Masonry | 3 | |
| Swords | 3 | |
| Armor | 3 | |
| Lumber Harvesting | 2 | |
| Storm Hammers | 1 | |
| Cloud | 1 | |
| Animal War Training | 1 | |
14 total
» buildings
| Farm | 13 | |
| Altar of Kings | 1 | |
| Barracks | 1 | |
| Lumber Mill | 1 | |
| Scout Tower | 9 | |
| Town Hall | 1 | |
| Guard Tower | 8 | |
| Keep | 1 | |
| Blacksmith | 1 | |
| Castle | 1 | |
| Gryphon Aviary | 3 | |
| Arcane Vault | 1 | |
41 total
» build order
00:22 Farm
00:37 Altar of Kings
00:52 Barracks
01:09 Farm
01:47 Farm
01:52 Lumber Mill
02:26 Farm
03:36 Scout Tower
03:38 Farm
04:13 Town Hall
04:29 Guard Tower
04:34 Scout Tower
05:27 Scout Tower
05:31 Guard Tower
06:03 Keep
06:07 Scout Tower
06:31 Guard Tower
06:39 Guard Tower
06:43 Farm
06:47 Blacksmith
07:26 Farm
08:03 Farm
08:12 Farm
08:50 Castle
08:57 Gryphon Aviary
09:00 Gryphon Aviary
09:04 Gryphon Aviary
09:09 Farm
09:12 Farm
10:07 Farm
10:09 Farm
10:44 Scout Tower
10:57 Arcane Vault
11:08 Scout Tower
11:10 Scout Tower
11:26 Guard Tower
11:39 Guard Tower
11:40 Guard Tower
14:13 Scout Tower
14:23 Scout Tower
15:07 Guard Tower
» items
| Scroll of Regeneration | 2 | |
| Scroll of Town Portal | 4 | |
| Potion of Healing | 2 | |
| Potion of Mana | 2 | |
| Lesser Clarity Potion | 1 | |
11 total
ChaoticWarrior3 (
yellow | 20 APM | 738 actions | 36:34)
5 Archmage
3 Blizzard
2 Summon Water Elemental
2 Paladin
1 Holy Light
1 Divine Shield
» actions
| Build / train | 52 | |
| Enter build submenu | 29 | |
| Enter hero's abilities submenu | 7 | |
| Remove unit from queue | 1 | |
| Right click | 245 | |
| Select / deselect | 351 | |
| Use ability | 52 | |
738 total
» units
| Peasant | 4 | |
| Footman | 9 | |
| Knight | 6 | |
| Gryphon Rider | 12 | |
31 total
» upgrades
» buildings
| Altar of Kings | 1 | |
| Barracks | 1 | |
| Farm | 10 | |
| Lumber Mill | 2 | |
| Keep | 1 | |
| Arcane Vault | 1 | |
| Blacksmith | 1 | |
| Scout Tower | 6 | |
| Guard Tower | 4 | |
| Castle | 1 | |
| Gryphon Aviary | 3 | |
| Town Hall | 1 | |
32 total
» build order
00:45 Altar of Kings
00:48 Barracks
00:53 Farm
00:58 Farm
02:11 Farm
03:36 Lumber Mill
03:42 Lumber Mill
04:05 Keep
05:07 Arcane Vault
05:13 Blacksmith
05:22 Scout Tower
05:26 Scout Tower
05:35 Scout Tower
05:41 Farm
06:37 Guard Tower
07:28 Castle
09:23 Farm
09:29 Gryphon Aviary
09:36 Scout Tower
11:20 Scout Tower
11:46 Guard Tower
11:54 Guard Tower
13:56 Farm
14:00 Gryphon Aviary
14:05 Gryphon Aviary
14:12 Farm
14:51 Farm
14:54 Scout Tower
20:11 Farm
20:14 Farm
20:16 Guard Tower
34:42 Town Hall
» items
team 2 (winner)
CryBabyCry (
orange | 61 APM | 2239 actions | 36:55)
10 Archmage
3 Summon Water Elemental
3 Brilliance Aura
1 Mass Teleport
3 Blizzard
» actions
| Assign group hotkey | 31 | |
| Basic commands | 129 | |
| Build / train | 96 | |
| Enter build submenu | 39 | |
| Enter hero's abilities submenu | 11 | |
| Give item / drop item | 2 | |
| Right click | 735 | |
| Select / deselect | 398 | |
| Select group hotkey | 515 | |
| Use ability | 283 | |
2239 total
» units
| Peasant | 21 | |
| Footman | 4 | |
| Goblin Shredder | 1 | |
| Gryphon Rider | 6 | |
| Dragonhawk Rider | 10 | |
| Goblin Zeppelin | 2 | |
44 total
» upgrades
| Swords | 3 | |
| Armor | 3 | |
| Masonry | 3 | |
| Storm Hammers | 1 | |
| Cloud | 1 | |
| Animal War Training | 1 | |
12 total
» buildings
| Altar of Kings | 1 | |
| Barracks | 1 | |
| Farm | 11 | |
| Scout Tower | 10 | |
| Arcane Tower | 1 | |
| Arcane Vault | 1 | |
| Keep | 1 | |
| Lumber Mill | 2 | |
| Castle | 1 | |
| Gryphon Aviary | 4 | |
| Blacksmith | 2 | |
| Town Hall | 5 | |
| Guard Tower | 3 | |
43 total
» build order
00:35 Altar of Kings
00:37 Barracks
00:50 Farm
00:51 Farm
01:05 Farm
01:34 Scout Tower
02:02 Farm
02:17 Arcane Tower
03:23 Arcane Vault
03:44 Keep
04:17 Lumber Mill
04:28 Farm
07:10 Castle
07:14 Gryphon Aviary
07:14 Gryphon Aviary
07:15 Gryphon Aviary
07:43 Gryphon Aviary
07:47 Blacksmith
07:48 Blacksmith
07:53 Town Hall
07:56 Scout Tower
07:57 Scout Tower
07:58 Scout Tower
07:59 Scout Tower
08:18 Farm
08:42 Farm
08:56 Guard Tower
09:14 Scout Tower
09:17 Scout Tower
09:20 Lumber Mill
09:22 Scout Tower
09:23 Scout Tower
09:29 Scout Tower
10:15 Guard Tower
10:19 Guard Tower
13:38 Farm
13:39 Farm
14:21 Farm
16:50 Farm
24:19 Town Hall
26:41 Town Hall
30:36 Town Hall
35:57 Town Hall
» items
| Scroll of Regeneration | 5 | |
| Scroll of Town Portal | 2 | |
| Potion of Healing | 4 | |
| Staff of Sanctuary | 1 | |
| Mechanical Critter | 3 | |
| Lesser Clarity Potion | 2 | |
| Healing Salve | 2 | |
19 total
apt408 (
pink | 39 APM | 1444 actions | 36:53)
8 Shadow Hunter
3 Hex
3 Healing Wave
1 Big Bad Voodoo
1 Serpent Ward
» actions
| Assign group hotkey | 37 | |
| Basic commands | 84 | |
| Build / train | 64 | |
| Enter build submenu | 27 | |
| Enter hero's abilities submenu | 8 | |
| Right click | 377 | |
| Select / deselect | 303 | |
| Select group hotkey | 423 | |
| Use ability | 121 | |
1444 total
» units
| Peon | 7 | |
| Troll Headhunter/Berserker | 22 | |
| Goblin Shredder | 1 | |
| Goblin Zeppelin | 1 | |
31 total
» upgrades
| Ranged Weapons | 3 | |
| Armor | 3 | |
| Troll Regeneration | 1 | |
| Berserker Upgrade | 1 | |
| Reinforced Defenses | 1 | |
| Spiked Barricades | 1 | |
| Burning Oil | 1 | |
11 total
» buildings
| Stronghold | 4 | |
| War Mill | 1 | |
| Altar of Storms | 1 | |
| Orc Burrow | 6 | |
| Barracks | 2 | |
| Fortress | 2 | |
| Voodoo Lounge | 1 | |
| Great Hall | 5 | |
| Watch Tower | 8 | |
30 total
» build order
01:22 Stronghold
01:23 Stronghold
01:23 Stronghold
01:41 War Mill
01:58 Altar of Storms
02:15 Orc Burrow
02:39 Barracks
03:12 Orc Burrow
04:22 Fortress
04:22 Fortress
04:32 Voodoo Lounge
04:59 Barracks
06:48 Orc Burrow
08:55 Great Hall
10:11 Watch Tower
11:28 Watch Tower
11:34 Great Hall
13:12 Great Hall
13:47 Orc Burrow
13:52 Watch Tower
14:45 Orc Burrow
15:18 Watch Tower
18:16 Great Hall
23:44 Watch Tower
23:58 Watch Tower
24:36 Great Hall
25:13 Watch Tower
26:01 Stronghold
26:18 Orc Burrow
26:30 Watch Tower
» items
| Lesser Clarity Potion | 4 | |
| Scroll of Town Portal | 1 | |
| Orb of Lightning | 1 | |
| Potion of Mana | 1 | |
7 total
FazeTemper (
green | 27 APM | 1000 actions | 36:53)
6 Far Seer
3 Feral Spirit
2 Chain Lighting
1 Earth Quake
1 Tauren Chieftain
1 Endurance Aura
» actions
| Build / train | 75 | |
| Enter build submenu | 28 | |
| Enter hero's abilities submenu | 8 | |
| Give item / drop item | 3 | |
| Right click | 491 | |
| Select / deselect | 340 | |
| Use ability | 55 | |
1000 total
» units
| Peon | 9 | |
| Troll Headhunter/Berserker | 9 | |
| Goblin Zeppelin | 1 | |
| Wind Rider | 21 | |
| Shaman | 9 | |
49 total
» upgrades
| Armor | 3 | |
| Ranged Weapons | 3 | |
| Troll Regeneration | 1 | |
| Berserker Upgrade | 1 | |
| Witch Doctor Training | 1 | |
| Envenomed Spears | 1 | |
| Shaman Training | 2 | |
| Reinforced Defenses | 1 | |
| Spiked Barricades | 1 | |
14 total
» buildings
| Altar of Storms | 2 | |
| Orc Burrow | 12 | |
| Barracks | 2 | |
| War Mill | 1 | |
| Voodoo Lounge | 1 | |
| Stronghold | 1 | |
| Watch Tower | 2 | |
| Spirit Lodge | 1 | |
| Fortress | 1 | |
| Great Hall | 1 | |
| Beastiary | 1 | |
25 total
» build order
00:26 Altar of Storms
00:40 Orc Burrow
00:56 Barracks
01:03 War Mill
02:04 Orc Burrow
02:59 Voodoo Lounge
03:02 Orc Burrow
03:50 Stronghold
04:56 Watch Tower
04:59 Watch Tower
05:41 Barracks
06:42 Spirit Lodge
06:45 Fortress
08:43 Great Hall
11:56 Beastiary
15:12 Orc Burrow
20:39 Orc Burrow
23:44 Altar of Storms
24:01 Orc Burrow
24:06 Orc Burrow
24:11 Orc Burrow
33:17 Orc Burrow
33:21 Orc Burrow
34:34 Orc Burrow
35:34 Orc Burrow
» items
SpanishPower01 (
purple | 20 APM | 738 actions | 36:53)
7 Archmage
2 Summon Water Elemental
3 Brilliance Aura
1 Blizzard
1 Mass Teleport
» actions
| Basic commands | 1 | |
| Build / train | 75 | |
| Enter build submenu | 31 | |
| Enter hero's abilities submenu | 7 | |
| Remove unit from queue | 3 | |
| Right click | 331 | |
| Select / deselect | 219 | |
| Use ability | 71 | |
738 total
» units
| Peasant | 14 | |
| Footman | 7 | |
| Priest | 6 | |
| Sorceress | 3 | |
| Rifleman | 5 | |
| Goblin Zeppelin | 1 | |
| Mortar Team | 5 | |
41 total
» upgrades
| Lumber Harvesting | 1 | |
| Priest Training | 1 | |
| Long Rifles | 1 | |
| Magic Sentry | 1 | |
| Masonry | 1 | |
| Flare | 1 | |
| Sorceress Training | 1 | |
7 total
» buildings
| Keep | 2 | |
| Altar of Kings | 1 | |
| Farm | 11 | |
| Barracks | 3 | |
| Scout Tower | 7 | |
| Lumber Mill | 1 | |
| Arcane Tower | 2 | |
| Arcane Vault | 1 | |
| Arcane Sanctum | 1 | |
| Blacksmith | 1 | |
| Castle | 1 | |
| Town Hall | 4 | |
| Workshop | 1 | |
| Guard Tower | 4 | |
40 total
» build order
01:56 Keep
02:06 Altar of Kings
02:14 Farm
02:25 Barracks
02:37 Scout Tower
02:59 Lumber Mill
03:08 Farm
03:10 Arcane Tower
03:49 Arcane Vault
04:01 Farm
04:42 Arcane Sanctum
04:59 Blacksmith
05:14 Farm
06:07 Farm
08:35 Castle
09:10 Town Hall
10:20 Scout Tower
10:33 Workshop
11:40 Town Hall
12:50 Keep
12:52 Guard Tower
12:58 Scout Tower
13:14 Farm
13:27 Guard Tower
14:22 Barracks
14:29 Scout Tower
14:40 Farm
14:49 Farm
15:09 Guard Tower
17:23 Scout Tower
18:13 Scout Tower
19:06 Guard Tower
19:43 Scout Tower
20:53 Farm
20:56 Farm
21:00 Farm
24:38 Arcane Tower
24:57 Town Hall
26:50 Town Hall
30:52 Barracks
» items
| Scroll of Regeneration | 3 | |
| Mechanical Critter | 1 | |
| Scroll of Town Portal | 2 | |
| Healing Salve | 1 | |
7 total
Chat log
(00:49 / Allies) FazeTemper: sup guys
(00:59 / Allies) CryBabyCry: Howdy ho there neighbor
(01:02 / Allies) SpanishPower01: ill tech real quick
(01:13 / Allies) apt408: everyone make towers
(01:20 / Allies) SpanishPower01: why
(01:29 / Allies) apt408: because... im techin
(01:33 / Allies) SpanishPower01: BM
(01:46 / Allies) FazeTemper: i have 4 baby mommas
(08:25 / Allies) CryBabyCry: bacl pomne
(08:26 / Allies) CryBabyCry: back one
(08:34 / Allies) CryBabyCry: nvm lawl
(09:49 / Allies) CryBabyCry: cancel
(10:45 / Allies) CryBabyCry: hit top
(10:51 / Allies) CryBabyCry: REPAIR
(10:52 / Allies) CryBabyCry: REPAIR
(10:53 / Allies) CryBabyCry: REPAAIR
(10:54 / Allies) CryBabyCry: REPAIR
(10:55 / Allies) CryBabyCry: REPAIR
(10:58 / Allies) CryBabyCry: REPAIR
(11:03 / All) CryBabyCry: I hate spamming repair
(11:05 / All) CryBabyCry: Holy shit
(11:10 / All) CryBabyCry: no way you should have got that
(11:31 / Allies) CryBabyCry: when they target your main get all your shit on repair
(11:34 / Allies) CryBabyCry: all your peons
(12:19 / Allies) FazeTemper: meet up
(12:25 / Allies) FazeTemper: oj back
(12:36 / Allies) FazeTemper: nvm
(12:39 / Allies) FazeTemper: im coming
(13:26 / All) CryBabyCry: hero focusing retard
(13:39 / All) ko.mightymouse: ( . Y . )
(14:31 / Allies) CryBabyCry: hit top
(14:32 / Allies) FazeTemper: can i get some wooooooood <3
(14:44 / Allies) FazeTemper: ty
(14:52 / Allies) SpanishPower01: ty
(15:05 / Allies) CryBabyCry: go go top
(17:29 / Allies) apt408: gold plz
(17:48 / Allies) SpanishPower01: ill put a tower to see invisible unites pink
(17:59 / Allies) apt408: i need 100 gold plz
(18:40 / Allies) CryBabyCry: hit top
(18:42 / Allies) SpanishPower01: oj get magic sentry , for tower
(18:44 / Allies) apt408: thnx... got rocked
(19:18 / All) CryBabyCry: FUCKING
(19:19 / Allies) SpanishPower01: fix
(19:19 / All) CryBabyCry: REPAIR
(19:23 / Allies) SpanishPower01: kill mort
(19:31 / Allies) CryBabyCry: HIT TOP!
(19:36 / Allies) CryBabyCry: COME
(19:38 / Allies) CryBabyCry: COME
(19:39 / Allies) CryBabyCry: HIT TOP
(19:47 / Allies) CryBabyCry: COME GREEN
(19:59 / All) CryBabyCry: Goddamnit I want to just alt qq
(20:07 / Allies) FazeTemper: shit soryr
(20:15 / All) i8pssy: your a cry baby
(20:18 / Allies) CryBabyCry: hit top I can tp there for free
(20:24 / All) CryBabyCry: team doesn't listen!
(20:34 / Allies) CryBabyCry: tp tp tp
(20:54 / All) CryBabyCry: yopu said hawks and griffs suckl then yo ucopied me lLAWL
(21:19 / Allies) CryBabyCry: next base
(21:19 / Allies) SpanishPower01: we tp here
(21:24 / Allies) CryBabyCry: NEXT B ASE
(21:44 / Allies) CryBabyCry: NEXT FUCKIONG BASE YO
(21:49 / Allies) CryBabyCry: IT S DEAD
(21:51 / Allies) CryBabyCry: THAT BASE IS DEAD
(22:02 / Allies) CryBabyCry: COME POURPLE RETARD
(22:18 / All) CryBabyCry: I hate purple
(23:58 / Allies) CryBabyCry: hit the hall then move to blue base
(24:14 / Allies) CryBabyCry: move to blue basee
(25:10 / Allies) FazeTemper: ty
(26:30 / All) CryBabyCry: Red you didn't beat me your team did
(26:35 / All) CryBabyCry: You're garbage
(26:48 / All) i8pssy: i beat you loser
(26:55 / Allies) apt408: lets meet
(26:57 / All) i8pssy: killed all your uselss air you little fuckoign scrub
(26:58 / All) ko.mightymouse: red i touched your mom
(26:59 / All) CryBabyCry: No your 3 allies + you beat me + my 3 allies
(27:00 / All) i8pssy: and your base
(27:03 / All) CryBabyCry: Get it moron?
(27:09 / All) CryBabyCry: No you didn't retard
(27:11 / All) CryBabyCry: Your team did
(27:14 / All) i8pssy: no i bet ya like the little bitch you are
(27:18 / All) CryBabyCry: K
(27:22 / All) CryBabyCry: You're retarded
(27:26 / All) i8pssy: wiped out your units and your base biatch
(27:35 / All) CryBabyCry: I wiped your units
(27:40 / All) i8pssy: nope
(27:49 / All) CryBabyCry: YEP
(27:53 / All) CryBabyCry: wehere are they|?
(27:56 / All) i8pssy: and it was me against 3 of you with air and still kicked your ass
(28:00 / All) CryBabyCry: WHERE ARE THJEY|??
(28:20 / All) i8pssy: shhh no more crying like a little bitch just leave you lose
(28:53 / All) FazeTemper: lmfao
(29:04 / All) CryBabyCry: ROUTED
(29:06 / Allies) CryBabyCry: hit their expo
(29:35 / All) newaccc: stop fake scout noob
(29:42 / All) newaccc: go use mh
(29:45 / All) newaccc: its good
(30:28 / All) ChaoticWarrior3: i told you i need fucking gold moron
(31:05 / Allies) CryBabyCry: blues base
(32:27 / Allies) CryBabyCry: just don't let them rebuild
(32:41 / Allies) CryBabyCry: we need to kill the blood mage
(32:46 / Allies) CryBabyCry: when we get the chance
(33:19 / Allies) apt408: tp to me
(33:20 / Allies) apt408: ?
(33:23 / Allies) CryBabyCry: me and purple will
(33:26 / Allies) CryBabyCry: you guys save your tps
(33:38 / Allies) CryBabyCry: try to catch blues army outside of towers
(34:39 / All) FazeTemper: ty oj
(34:45 / Allies) SpanishPower01: fight
(34:46 / Allies) CryBabyCry: kill phoenxi
(35:00 / All) CryBabyCry: Eat it red
(35:02 / All) CryBabyCry: this big dick
(36:15 / Allies) CryBabyCry: kill the torwers
(36:17 / Allies) CryBabyCry: withte motars
(36:36 / All) FazeTemper: pussy ass red
(36:36 / All) CryBabyCry: Owned again red
(36:44 / All) CryBabyCry: LOL
(36:48 / All) i8pssy: lmfao are you for real noob